 Dungeon Crawl Stone Soup version 0.29.0-4-gdea44cf6ec (webtiles) character file.

Game seed: 3460172243815869990

0 qw the Sneak (level 1, -3/14 HPs)
             Began as a Gargoyle Delver on Sept 10, 2022.
             Splashed by a jelly's acid (7 damage)
             ... on level 5 of the Dungeon.
             The game lasted 00:00:00 (19 turns).

qw the Sneak (Gargoyle Delver)                        Turns: 19, Time: 00:00:01

Health: -3/14      AC: -2    Str: 15    XL:     1   Next: 0%
Magic:  1/1        EV: 11    Int: 10    God:
Gold:   3          SH:  0    Dex: 11    Spells: 0/0 levels left

rFire   . . .      SeeInvis .   a - +0 hand axe
rCold   . . .      Faith    .   (no shield)
rNeg    + . .      Spirit   .   b - +0 leather armour
rPois   inf        Reflect  .   (no helmet)
rElec   +          Harm     .   (no cloak)
rCorr   .          Rampage  .   (no gloves)
Will    .....                   (no boots)
Stlth   +++.......              (no amulet)
HPRegen 0.04/turn               (no ring)
MPRegen 0.07/turn               (no ring)

@: corroded
A: sickness immunity, AC +2, negative energy resistance 1, electricity
resistance, torment resistance 1, petrification resistance
a: no special abilities


You were on level 5 of the Dungeon.
You visited 1 branch of the dungeon, and saw 1 of its levels.

You collected 3 gold pieces.


Innate Abilities, Weirdness & Mutations

You are immune to sickness and miasma.
Your stone body is resilient. (AC +2)
You are immune to poison.
You resist negative energy. (rN+)
You are resistant to electric shocks. (rElec)
You are resistant to unholy torment.
You are immune to petrification.


   Skills:
 - Level 3.2 Fighting
 + Level 1.7 Axes
 - Level 1.5 Dodging
 - Level 5.4 Stealth


You couldn't memorise any spells.
You didn't know any spells.
Your spell library was empty.

Inventory:

Hand Weapons
 a - a +0 hand axe (weapon)
Armour
 b - a +0 leather armour (worn)
 h - a +0 ring mail
Wands
 g - a wand of digging (3)
Scrolls
 c - a scroll of fog
 d - a scroll of magic mapping
 e - a scroll of fear
Potions
 f - a potion of haste
 i - 2 potions of flight {unknown}

Dungeon Overview and Level Annotations

Branches:
Dungeon (5/15)
 Temple: D:4-7

Altars:


Message History

Welcome, qw the Gargoyle Delver.
Everyone else who sought the Orb of Zot has failed.
Will you be different?
Press ? for a list of commands and other information.
Found four items.
Found a stone staircase leading down.
Assign waypoint to what number? (0-9) Waypoint 2 assigned to D:5.
Enter note:
0 ||| PLANNING D:1-11
Found 2 stones.
h - a +0 ring mail
i - 2 bubbling amethyst potions You now have 3 gold pieces.
Found a dagger.
Enter note: A jelly comes into view.
The jelly quivers.
You hit the jelly.
Your hands burn!
The jelly is moderately wounded.
The jelly hits you but does no damage.
You barely miss the jelly. You punch the jelly.
The jelly is moderately wounded.
The jelly completely misses you.
You hit the jelly. The acid corrodes you!
Your hands burn!
The jelly is severely wounded.
The jelly hits you. The acid corrodes you!
You are splashed with acid!
Ouch! That really hurt!
You die...

#.# #.# #........ ...
....##### ... .).##(..#
#.# #..#(#.#. #####.#
...#((#.. . ...#.#
#..#(#.#. 7.~
##.#.###J.##((.# ~.~~7
#...#.##@..#####
~.~~~~##..#............
~.~~~~.>.....##.#.#####
P.~~~~.).......(#.#
~.P~~~.#.##..###. .
~.~~P~.#............
~.~77#.####..###...##
~. #. #..# #.## ~ #.
#.^# .#


You could see a jelly and 7 dancing weapons.

Vanquished Creatures (others)
  A plant (D:5)
1 creature vanquished.

Notes
Turn   | Place    | Note
-------+----------+-------------------------------------------
     0 | D:5      | qw the Gargoyle Delver began the quest for the Orb.
     0 | D:5      | Reached XP level 1. HP: 14/14 MP: 1/1
     0 | D:5      | 0 ||| qw: Version: 0.1-a-116-g5d60599
     0 | D:5      | 0 ||| qw: Game counter: 7494
     0 | D:5      | 0 ||| qw: Always use a shield: true
     0 | D:5      | 0 ||| qw: God list: Okawaru
     0 | D:5      | 0 ||| qw: Allow faded altars: false
     0 | D:5      | 0 ||| qw: Do Orc after D:15 true
     0 | D:5      | 0 ||| qw: Do second Lair branch before Depths: true
     0 | D:5      | 0 ||| qw: Lair rune preference: random
     0 | D:5      | 0 ||| qw: Plans: Normal
     0 | D:5      | 0 ||| PLANNING D:1-11
     8 | D:5      | Noticed a +0 short sword
     8 | D:5      | Noticed a +0 falchion
     8 | D:5      | Noticed a +0 spear
     8 | D:5      | Noticed a +0 dagger
     9 | D:5      | Noticed a +0 spear
     9 | D:5      | Noticed a +0 short sword
     9 | D:5      | Noticed a +0 dagger
    10 | D:5      | Noticed a +0 falchion
    11 | D:5      | Noticed a jelly
    19 | D:5      | Splashed by a jelly's acid

Levels and vault maps discovered:
D:5:      layout_loops_ring, makhleb_altar_promises_db,
          nicolae_uskayaw_en_pointe, cheibriados_altar_1,
          gammafunk_ghost_necromancy, serial_bayou_lagoon_b

Action                   || total
-------------------------++-------
Melee: Hand axe          ||     3
       Punch             ||     1
Armor: Leather armour    ||     1
Dodge: Dodged            ||     1

Table legend:
 A = Non-vault XP
 B = Vault XP
 C = Vault XP percentage of total XP
 D = Non-vault monster count
 E = Vault monster count
 F = Vault count percentage of total count
                 A         B        C        D         E       F
            +---------+---------+-------+---------+---------+-------
      Total |       0 |       0 |   N/A |       0 |       0 |  -nan
            +---------+---------+-------+---------+---------+-------
            +---------+---------+-------+---------+---------+-------
